 Dungeon Crawl Stone Soup version 0.30.1-4-g462c640d31 (webtiles) character file.

Game seed: 13776762309253830991

263 fleeber the Magician (level 6, -1/46 HPs)
             Began as a Djinni Fire Elementalist on July 18, 2023.
             Slain by a wight
             ... wielding a +3 spear
              (10 damage)
             ... on level 6 of the Dungeon on Sept 5, 2023.
             The game lasted 00:12:08 (2732 turns).

fleeber the Magician (Djinni Fire Elementalist)     Turns: 2732, Time: 00:12:08

Health: -1/46      AC:  2    Str:  7    XL:     6   Next: 43%
Gold:   123        EV: 12    Int: 18    God:
                   SH:  0    Dex: 14

rFire   + + .        s - +6 dagger of Ancient Evil {chaos, rC+ MP+9}
rCold   . . .        (no shield)
rNeg    . . .        e - +0 robe
rPois   ∞            (no helmet)
rElec   .            (no cloak)
rCorr   .            (no gloves)
SInv    .            (boots unavailable)
Will    .....        (no amulet)
Stlth   ++           b - +4 ring of slaying
HPRegen 0.27/turn    (no ring)
MPRegen 0.00/turn

%: infuse magic (-2 HP)
@: flying
A: sickness immunity, fire resistance 2, cold vulnerability 1, float, innate
caster, HP casting, extra vitality 1
a: no special abilities


You were on level 6 of the Dungeon.
You visited 1 branch of the dungeon, and saw 6 of its levels.

You collected 123 gold pieces.

Inventory:

Hand Weapons
 s - the +6 dagger of Ancient Evil (weapon) {chaos, rC+ MP+9}
   (You found it on level 3 of the Dungeon)

   rC:        It protects you from cold.
   MP:        It affects your magic capacity (+9).
Missiles
 g - 2 throwing nets
Armour
 e - a +0 robe (worn)
Jewellery
 b - a +4 ring of slaying (left hand)
 h - a +6 ring of strength
Scrolls
 d - a scroll of fog
 j - a scroll of immolation {unknown}
 l - a scroll of blinking
Potions
 a - 3 potions of attraction {unknown}
 f - a potion of degeneration {unknown}
 i - 3 potions of haste {unknown}
 k - 2 potions of curing {unknown}
 n - a potion of invisibility {unknown}
 o - a potion of heal wounds {unknown}
 p - a potion of resistance {unknown}
 q - a potion of lignification {unknown}
 r - a potion of mutation {unknown}


   Skills:
 + Level 3.6 Fighting
 - Level 2.6 Dodging
 - Level 2.0 Stealth
 + Level 3.9 Spellcasting


You knew the following spells:

 Your Spells              Type           Power      Damage    Failure   Level
a - Foxfire               Conj/Fire      68%        2x1d7     3%          1
b - Scorch                Fire           34%        2d6       4%          2
c - Volatile Blastmotes   Fire/Tloc      34%        2d12      9%          3
d - Inner Flame           Hex/Fire       17%        N/A       9%          3
e - Flame Wave            Conj/Fire      17%        2d7       28%         4
f - Beastly Appendage     Tmut           34%        N/A       3%          1
g - Blink                 Tloc           34%        N/A       4%          2
Your spell library was empty.

Dungeon Overview and Level Annotations

Branches:
Dungeon (5/15)
 Temple: D:4-7

Altars:
Dithmenos
Trog

Shops:
D:3 *


Innate Abilities, Weirdness & Mutations

You are immune to sickness and miasma.
You are immune to poison.
Your flesh is very heat resistant. (rF++)
You are vulnerable to cold. (rC-)
You float through the air rather than walking.
You learn spells naturally, not from books.
Your magical power is your life essence.
You have superior vitality. (+4 MHP)


Message History

You feel strangely unstable. The bullfrog zombie hits you.
The bullfrog zombie hits you. The bullfrog zombie hits you.
The bullfrog zombie hits you but does no damage.
Your surroundings suddenly seem different. 4 wights come into view.
A wight is wielding a +0 mace of venom.
A wight is wielding a +5 dire flail of freezing.
Found a scroll labelled FAYF JUTACKUFY.
The wight hits you from afar with a +3 spear.
Blink to where?
Press: ? - help, Dir - move target
As you read the scroll of blinking, it crumbles to dust.
An iguana comes into view.
Found 12 gold pieces.
You conjure some foxfire!
The iguana hisses angrily.
You conjure some foxfire!
The foxfire hits the iguana.
The iguana is moderately wounded.
The foxfire hits the iguana!
The iguana is almost dead.
The foxfire hits the iguana but does no damage.
The iguana is almost dead.
You conjure some foxfire!
The wight hits you from afar with a +3 spear!
Flames lash the iguana.
You kill the iguana!
The foxfire hits the wight.
The wight is moderately damaged.
The foxfire hits the wight but does no damage.
The wight is moderately damaged.
The foxfire hits the wight.
The wight is moderately damaged.
The wight hits you from afar with a +3 spear!
* * * LOW HITPOINT WARNING * * *
Flames lash the wight.
The wight is severely damaged.
The wight's fire resistance burns away.
* * * LOW HITPOINT WARNING * * *
The wight hits you from afar with a +3 spear!
You die...

#....# #....#
.....# #..$.#
#....####
#........ #†§..#
#@§§.# .# #§...#
.# ###z?# ..#
###z.# ..# #§...#
..^# #...#####...#
### #......z....#
...
#...........###.z.
#.........z......z


You could see 2 wights.

Vanquished Creatures
  2 hounds (D:3)
  An iguana (D:6)
  5 gnolls
  7 adders
  A worm (D:3)
  3 dart slugs
  An orc (D:3)
  6 endoplasms
  2 giant cockroaches
  3 hobgoblins
  4 jackals
  A quokka (D:2)
  8 ball pythons
  4 bats (D:1)
  2 frilled lizards (D:1)
  4 goblins
  7 kobolds
  7 rats
68 creatures vanquished.

Vanquished Creatures (others)
  198 foxfires
198 creatures vanquished.

Grand Total: 266 creatures vanquished

Notes
Turn   | Place    | Note
-------+----------+-------------------------------------------
     0 | D:1      | fleeber the Djinni Fire Elementalist began the quest for
                  | the Orb.
     0 | D:1      | fleeber set off with the following spells memorised:
                  | Foxfire, Scorch, Volatile Blastmotes, Inner Flame, Flame
                  | Wave.
     0 | D:1      | Reached XP level 1. HP: 15/15 MP: 0/0
   258 | D:1      | Reached XP level 2. HP: 20/21 MP: 0/0
   557 | D:1      | Reached XP level 3. HP: 22/25 MP: 0/0
   557 | D:1      | Learned a level 1 spell: Beastly Appendage
   927 | D:2      | Reached skill level 1 in Fighting
   975 | D:2      | Found a shadowy altar of Dithmenos.
  1073 | D:2      | Reached XP level 4. HP: 30/32 MP: 0/0
  1361 | D:3      | Upgraded the game from 0.30.1-3-gfc49f6343a to
                  | 0.30.1-4-g462c640d31
  1516 | D:3      | Reached XP level 5. HP: 34/38 MP: 0/0
  1516 | D:3      | Learned a level 2 spell: Blink
  1550 | D:3      | Found Mosowned's Assorted Antiques.
  1999 | D:3      | Reached XP level 6. HP: 42/46 MP: 0/0
  2189 | D:3      | Identified the +6 dagger of Ancient Evil {chaos, rC+ MP+9}
  2227 | D:3      | Found a bloodstained altar of Trog.
  2593 | D:4      | Noticed a water moccasin
  2602 | D:5      | Entered Level 5 of the Dungeon
  2702 | D:5      | You are sucked into a shaft and drop 1 floor!
  2732 | D:6      | Slain by a wight

Illustrated notes

Levels and vault maps discovered:
D:1:      minmay_arrival_nine_rooms, layout_rooms,
          hangedman_abyss_or_decor_stabs
D:2:      layout_rooms, basic_altar
D:3:      layout_loops_ring, marbit_many_paths, serial_shops, shop,
          minmay_misc_feat_ornament, chequers_jeans, minmay_misc_feat_iff,
          cheibrodos_gnoll_hut
D:4:      layout_cave_pools
D:5:      black_bear_nest_2, layout_basic, mainiacjoe_overflow_24_doors,
          nicolae_elevator_lobby_asterisk
D:6:      layout_basic, nicolae_yredelemnul_corpse_copse,
          chequers_serial_rivers_room_a, hangedman_decor_diamond_cutter,
          minmay_joined_circles, uniq_menkaure

Skill      XL: |  1  2  3  4  5 |
---------------+----------------+-----
Stealth        | 2 |  2.0
Fighting       | 1 2 3 |  3.6
Spellcasting   | 3 |  3.9
Dodging        | |  2.6

Action                     |  1- 3 |  4- 6 || total
---------------------------+-------+-------++-------
  Melee: Unarmed           |     1 |       ||     1
   Cast: Foxfire           |    73 |    49 ||   122
         Scorch            |       |    35 ||    35
    Use: Scroll            |       |     6 ||     6
 Armour: Robe              |     4 |     4 ||     8
  Dodge: Dodged            |    13 |     6 ||    19
